 Dungeon Crawl Stone Soup version 0.31.0-11-ge490571c62 (webtiles) character file.

Game seed: 242994843716905715

2088 hawla the Blocker (level 9, -5/81 HPs)
             Began as a Minotaur Fighter on Feb 6, 2024.
             Was an Initiate of Yredelemnul.
             Slain by an orc
             ... wielding a +0 trident
              (10 damage)
             ... in a bailey.
             The game lasted 00:16:36 (5461 turns).

hawla the Blocker (Minotaur Fighter)                Turns: 5461, Time: 00:16:38

Health: -5/81      AC: 16    Str: 20    XL:     9   Next: 6%
Magic:  10/10      EV:  3    Int:  8    God:    Yredelemnul [......]
Gold:   142        SH: 28    Dex: 10    Spells: 8/8 levels left

rFire   + + .        a - +0 war axe
rCold   . . .        n - +18 shield of the Gong {Loud rN+ Will+ rCorr EV-5}
rNeg    + . .        u - +1 chain mail "Suguidgh" {rF+ Will+ Str-5 Int+3}
rPois   .            t - +1 hat
rElec   .            f - +1 cloak
rCorr   +            (no gloves)
SInv    +            j - +2 pair of boots
Will    ++...        (no amulet) Stlth
                     c - ring of protection from fire
HPRegen 0.33/turn    l - ring of see invisible
MPRegen 0.12/turn

%: no passive effects
@: about to teleport
A: horns 2, retaliatory headbutt
a: Renounce Religion, Recall Undead Harvest


You were in a bailey.
You worshipped Yredelemnul.
Yredelemnul was noncommittal.
You visited 2 branches of the dungeon, and saw 8 of its levels.
You also visited: Bailey.

You collected 142 gold pieces.

Inventory:

Hand Weapons
 a - a +0 war axe (weapon)
Armour
 f - a +1 cloak (worn)
 j - a +2 pair of boots (worn)
 n - the +18 shield of the Gong (worn) {Loud rN+ Will+ rCorr EV-5}
   (You found it on level 2 of the Dungeon)

   Loud:      It is deafeningly noisy when blocking attacks.
   EV-5:      It affects your evasion (-5).
   rN+:       It protects you from negative energy.
   Will+:     It increases your willpower.
   rCorr:     It protects you from acid and corrosion.
 t - a +1 hat (worn)
 u - the +1 chain mail "Suguidgh" (worn) {rF+ Will+ Str-5 Int+3}
   (You found it on level 4 of the Dungeon)

   Str-5:     It affects your strength (-5).
   Int+3:     It affects your intelligence (+3).
   rF+:       It protects you from fire.
   Will+:     It increases your willpower.
Jewellery
 c - a ring of protection from fire (left hand)
 g - a ring of magical power
 l - a ring of see invisible (right hand)
Wands
 s - a wand of digging (4)
Scrolls
 h - a scroll of revelation
 k - a scroll of vulnerability
 w - a scroll of fog
Potions
 b - a potion of mutation
 d - 2 potions of might
 i - 2 potions of cancellation
 m - a potion of resistance
 p - a potion of attraction
 q - 2 potions of curing
 z - a potion of heal wounds {unknown}
 A - 2 potions of brilliance {unknown}


   Skills:
 - Level 8.0 Fighting
 - Level 2.4 Axes
 - Level 3.6 Armour
 - Level 3.0 Dodging
 - Level 10.0 Shields
 + Level 3.9 Invocations
 - Level 4.0 Evocations


You had 8 spell levels left.
You didn't know any spells.
Your spell library was empty.

Dungeon Overview and Level Annotations

Branches:
Dungeon (7/15)             Temple (1/1) D:5          Bailey (1/1)

Altars:
Ashenzari
Cheibriados
Dithmenos
Elyvilon
Fedhas
Gozag
Hepliaklqana
Kikubaaqudgha
Makhleb
Nemelex Xobeh
Okawaru
Ru
Sif Muna
Trog
Vehumet
Wu Jian
Xom
Yredelemnul
The Shining One

Annotations:
D:4 altar
D:7 Maurice


Innate Abilities, Weirdness & Mutations

You have a pair of horns on your head.
You reflexively headbutt those who attack you in melee.


Message History

The orc warrior hits you with a +0 halberd.
The orc hits you but does no damage.
The orc hits you from afar with a +0 spear.
You hear a shout!
You closely miss the orc warrior.
The orc warrior is almost dead.
You block the orc warrior's attack.
GONNNNG!
You block the orc's attack.
PANG!
You block the orc warrior's attack.
GONNNNG!
The orc completely misses you.
The orc knight hits you from afar with a +0 glaive.
You completely miss the orc warrior.
The orc warrior is almost dead.
You block the orc warrior's attack.
SHROANNG!
You block the orc's attack.
GONNNNG!
You block the orc knight's attack.
GONNNNG!
The orc hits you from afar with a +0 spear.
The orc warrior barely misses you.
The orc warrior hits you with a +0 halberd!
The orc hits you but does no damage.
The orc warrior hits you from afar with a +0 trident!
* * * LOW HITPOINT WARNING * * *
The orc hits you but does no damage.
The orc knight hits you from afar with a +0 glaive!
* * * LOW HITPOINT WARNING * * *
You hear a shout!
As you read the scroll of teleportation, it crumbles to dust.
You feel strangely unstable. You block the orc warrior's attack.
PANG!
You block the orc's attack.
PANG!
The orc hits you from afar with a +0 trident!
You die...
Your body rises from the dead as a mindless zombie.

#♣.≈≈≈≈≈♣♣ #...≈≈≈≈≈♣
##.♣..≈≈≈≈♣. #
###.....≈≈≈≈...#
♣♣♣....♣..≈≈≈≈.♣.##
♣♣.........≈≈≈≈....#
♣.........######o..#
♣..∩............oo.#..
♣.............@.oo.'..
♣.............o.oo.'..
♣..∩............o..#..
♣.........######...#
♣♣......♣..≈ ...#
♣♣♣...♣♣..≈ ..##
###.... .# .#


You could see an orc knight, 3 orc warriors and 5 orcs.

Vanquished Creatures
  Grinder (D:3)
  Sigmund (D:3)
  A sky beast (D:6)
  An ogre (D:6)
  A centaur (D:6)
  3 bullfrogs
  3 scorpions
  3 wights (D:7)
  2 bombardier beetles (D:5)
  A jelly (D:7)
  4 hounds
  2 sleepcaps (D:5)
  3 iguanas
  An orc wizard (D:7)
  11 adders
  2 shadow imps
  A ribbon worm (D:2)
  2 dart slugs
  15 orcs
  8 ball pythons
  2 bats
  4 endoplasms
  3 giant cockroaches
  13 goblins
  6 hobgoblins
  7 jackals
  11 kobolds
  7 quokkas
  4 frilled lizards
  5 rats
128 creatures vanquished.

Vanquished Creatures (collateral kills)
  A centaur (D:7)
  A bullfrog (D:6)
  A scorpion (D:6)
  A wight (D:7)
  3 hounds (D:6)
  An orc priest (D:7)
8 creatures vanquished.

Vanquished Creatures (others)
  2 bullfrog zombies (D:7)
  A centaur zombie (D:7)
  A goblin zombie (D:7)
  4 orc zombies (D:7)
8 creatures vanquished.

Grand Total: 144 creatures vanquished

Notes
Turn   | Place    | Note
-------+----------+-------------------------------------------
     0 | D:1      | hawla the Minotaur Fighter began the quest for the Orb.
     0 | D:1      | Reached XP level 1. HP: 19/19 MP: 0/0
    28 | D:1      | Reached skill level 1 in Dodging
   120 | D:1      | Reached XP level 2. HP: 20/26 MP: 1/1
   373 | D:1      | Found a faded altar of an unknown god.
   583 | D:2      | Reached XP level 3. HP: 31/31 MP: 2/2
   687 | D:2      | Reached skill level 4 in Shields
   920 | D:2      | Found the +18 shield of the Gong {Loud rN+ Will+ rCorr
                  | EV-5}
  1293 | D:3      | Noticed Sigmund
  1299 | D:3      | Killed Sigmund
  1300 | D:3      | Reached skill level 6 in Shields
  1300 | D:3      | Reached XP level 4. HP: 31/39 MP: 3/3
  1300 | D:3      | Reached XP level 5. HP: 36/45 MP: 4/4
  1311 | D:3      | Found a shadowy altar of Dithmenos.
  1405 | D:3      | Reached skill level 7 in Shields
  1420 | D:3      | Noticed Grinder
  1435 | D:3      | Paralysed by Grinder for 4 turns
  1443 | D:3      | Killed Grinder
  1444 | D:3      | Reached skill level 8 in Shields
  1444 | D:3      | Reached XP level 6. HP: 41/51 MP: 5/5
  1503 | D:3      | Found a blossoming altar of Fedhas.
  1868 | D:3      | Found a sparkling altar of Nemelex Xobeh.
  2065 | D:3      | Found an ornate altar of the Wu Jian Council.
  2065 | D:3      | Found a white marble altar of Elyvilon.
  2248 | D:3      | Found a bloodstained altar of Trog.
  2466 | D:4      | Reached skill level 9 in Shields
  2466 | D:4      | Reached XP level 7. HP: 57/57 MP: 6/6
  2820 | D:4      | Found a burning altar of Makhleb.
  2850 | D:4      | Identified the +1 chain mail "Suguidgh" {rF+ Will+ Str-5
                  | Int+3}
  3465 | D:5      | Entered Level 5 of the Dungeon
  3484 | D:5      | Reached skill level 10 in Shields
  3631 | D:5      | Reached skill level 5 in Fighting
  3723 | D:5      | Found a staircase to the Ecumenical Temple.
  3821 | Temple   | Entered the Ecumenical Temple
  3830 | Temple   | Became a worshipper of Yredelemnul the Dark
  3863 | D:5      | Reached XP level 8. HP: 70/70 MP: 7/7
  4288 | D:6      | Reached * piety under Yredelemnul
  4301 | D:6      | Reached skill level 1 in Evocations
  4407 | D:6      | Reached ** piety under Yredelemnul
  4424 | D:6      | Found a shimmering blue altar of Sif Muna.
  5135 | D:7      | Noticed Maurice
  5143 | D:7      | Reached skill level 1 in Invocations
  5154 | D:7      | Maurice stole a ring of positive energy
  5155 | D:7      | Reached XP level 9. HP: 35/81 MP: 6/10
  5159 | D:7      | Maurice stole a throwing net
  5189 | D:7      | Maurice stole 199 gold
  5218 | D:7      | HP: 3/81 [disintegration (17)]
  5225 | D:7      | Found a flagged portal.
  5238 | Bailey   | Entered a bailey
  5453 | Bailey   | Noticed an orc knight
  5461 | Bailey   | Slain by an orc

Illustrated notes

Levels and vault maps discovered:
D:1:      grunt_arrival_lava_bath, layout_rooms,
          hellmonk_ecumenical_altar_inner_sanctum
D:2:      layout_loops_ring
D:3:      wander_river, layout_basic, lemuel_tele_altar,
          nemelex_diamond_rough_becter, gammafunk_temple_overflow_elements,
          nicolae_dithmenos_shadow_blocks, trog_hazing_becter, uniq_grinder,
          uniq_sigmund
D:4:      wad_crossroads, layout_basic, general_overflow_altar
D:5:      layout_rooms, temple_pool_b
D:6:      layout_basic, nicolae_sif_muna_condensation
D:7:      layout_rooms, enter_bailey_5, chequers_jeans, uniq_maurice
Temple:   jpeg_temple_clearing
Bailey:   bailey_polearm_elven_captive_hellmonk, bailey

Skill      XL: |  1  2  3  4  5  6  7  8 |
---------------+-------------------------+-----
Dodging        | 1 3 |  3.0
Shields        | 6 8 9 10 | 10.0
Fighting       | 6 8 |  8.0
Evocations     | 4 |  4.0
Invocations    | 3 |  3.9
Axes           | |  2.4
Armour         | |  3.6

Action                     |  1- 3 |  4- 6 |  7- 9 || total
---------------------------+-------+-------+-------++-------
  Melee: War axe           |   103 |    92 |   222 ||   417
         Headbutt          |    14 |    13 |    49 ||    76
 Invoke: Recall Undead Har |       |       |     1 ||     1
    Use: Scroll            |       |       |    18 ||    18
         Potion            |       |       |     2 ||     2
   Stab: Distracted        |       |       |     1 ||     1
 Armour: Scale mail        |    64 |    34 |     8 ||   106
         Chain mail        |       |       |   138 ||   138
  Dodge: Dodged            |    52 |     6 |    16 ||    74
  Block: Buckler           |    21 |       |       ||    21
         Kite shield       |    21 |   126 |   399 ||   546
